woodfighter, neutral female scurrid Archeologist --- - .| -- .| | -.| .| - .. |.--.| -- ---..--...- |....| ..--- -.|........ |....| ...--......... ....|---- ............ -- ..||..| ......... .. -.--..-- ....... ---.--|......--- ....- ---.....|.|......-------....----- ............| |.....<...|......a....).*............................| |.........--.....@.f----------- ................| --.........|--G........................-- | | | ------.|.-- ---.-------------- ---- --- ----- --- woodfighter the Field Worker Experience level: 5 Strength: 13 Dexterity: 10 Constitution: 12 Intelligence: 14 Wisdom: 18 Charisma: 10 Health: 0(41) Energy: 43(43) Def: 2 Gold: 479 Moves: 1097 Dungeon seed: mD5uXfJT2BmsJROg Game ID: woodfighter_1533069271 Your Inventory: Coins $ - 479 gold pieces Weapons a - a +2 bullwhip (weapon in paw) h - a +0 boomerang (in quiver) m - 3 cursed -1 darts u - a +0 elven dagger E - a blessed +1 dagger Armor e - an uncursed +0 leather jacket (being worn) n - an uncursed +0 pair of leather gloves (being worn) q - an uncursed +1 dwarvish cloak r - an uncursed +0 dwarvish cloak Comestibles b - 4 uncursed chestnuts l - an uncursed food ration o - an uncursed lichen corpse p - an uncursed lembas wafer L - an uncursed tin of spinach Scrolls y - an uncursed scroll of magic mapping C - 2 uncursed scrolls of enchant armor G - an uncursed scroll of teleportation K - an uncursed scroll of create monster Rings v - a cursed ring of polymorph B - an uncursed +1 ring of adornment D - a cursed ring of polymorph Wands d - a wand of light (0:14) x - a wand of enlightenment (0:12) A - a cursed wand of sleep (0:7) Tools c - an uncursed pair of lenses (being worn) k - an uncursed brass lantern (0:1140) s - an uncursed sack w - a cursed magic lamp H - 4 uncursed tallow candles (0:200) Gems Q - an uncursed touchstone Contents of the sack: 219 gold pieces a [cursed] scroll of genocide a [uncursed] scroll of scare monster a [uncursed] potion of extra healing a [uncursed] potion of gain level Spells and supernatural/magical abilities: Name Level Category Fail Memory W - pray for help -- divine ? -- Your skills at the end: Miscellaneous Skills wands [Basic] Weapon Skills boomerang [Basic] whip [Basic] Spellcasting Skills Final Attributes: You were devoutly aligned. You had automatic searching. You had infravision. You were very stealthy. You were fast. You are dead. Vanquished creatures: a gnome king a pony 2 gnome lords 2 gnomish wizards a golden naga hatchling 2 dwarves 4 hobbits 6 geckos 2 giant rats a cave spider 4 gnomes 2 garter snakes 4 jackals 3 kobolds 4 newts 2 sewer rats 5 grid bugs 3 lichens a kobold zombie 50 creatures vanquished. Voluntary challenges: You did not cause conflict. You were not invisible. You did not have reflection. You were not displaced. You used a wielded weapon 112 times, starting on turn 12. You did not apply a unicorn horn. You did not use plumbed fixtures. You did not drink any magical draughts. You were illiterate. You never genocided any monsters. You never polymorphed an object. You never changed form. You used no wishes. You never split a pudding. You never wrote Elbereth's name. You never violated your personal moral code. Dungeon overview: The Dungeons of Doom: levels 1 to 5 Level 1 a fountain, a sink a long staircase Level 2 (water + box) some fountains Level 3 (box) a fountain Level 4 a fountain stairs to The Gnomish Mines Level 5 The Gnomish Mines: levels 5 to 6 Level 5 stairs to The Dungeons of Doom Level 6 <- You were here History has recorded: On T:1 you entered the Dungeons of Doom to retrieve the Amulet of Yendor! On T:62 you reached level 2 of The Dungeons of Doom. On T:304 you advanced to experience level 2. On T:311 you reached level 3 of The Dungeons of Doom. On T:446 you reached level 4 of The Dungeons of Doom. On T:521 you advanced to experience level 3. On T:647 you reached level 5 of The Dungeons of Doom. On T:721 you reached level 1 of The Gnomish Mines. On T:777 you advanced to experience level 4. On T:863 you prayed to Camaxtli. On T:867 you advanced to experience level 5. On T:1058 you reached level 2 of The Gnomish Mines. Score breakdown: Gold: 698 ( 69 points) Experience: 5 levels ( 400 points) Exploration: 6 levels ( 150 points) Discoveries: 22 items ( 1100 points) Variety of kills: 19 monsters ( 950 points) Major goal: (nothing yet) ( 0 points) Survival: died (score multiplied by 3) Total score: 8007 Latest messages: z - a blue gem. You see here a tripe ration. The kobold punches you! You kill the kobold! z - a worthless piece of blue glass. You drop a worthless piece of blue glass. You see here a tripe ration. You see here a dagger. You whip the giant beetle. You whip the gnomish wizard. The giant beetle bites! The air crackles around the gnomish wizard. You whip the gnomish wizard. You kill the gnomish wizard! You whip the giant beetle. The giant beetle bites! You whip the giant beetle. (2x) Kitty picks up a tripe ration. You whip the giant beetle. (2x) The giant beetle bites! You whip the giant beetle. (4x) The giant beetle bites! You die... Final status: Goodbye woodfighter the Archeologist, killed by a giant beetle... You died in The Gnomish Mines on dungeon level 6 with 8007 points, and 698 pieces of gold, after 1097 moves. You were level 5 with a maximum of 41 hit points when you died.